 Dungeon Crawl Stone Soup version 0.28-a0-425-gd0eccab798 (webtiles) character file.

Game seed: 3642108985937235025

67 Gilette the Chopper (level 4, 34/35 HPs)
             Began as a Demonspawn Fighter on Sept 9, 2021.
             Quit the game on level 3 of the Dungeon.
             The game lasted 00:02:02 (2457 turns).

Gilette the Chopper (Demonspawn Fighter)            Turns: 2457, Time: 00:02:03

Health: 34/35      AC:  6    Str: 18    XL:     4   Next: 0%
Magic:  4/4        EV:  9    Int: 15    God:
Gold:   68         SH:  4    Dex: 14    Spells: 3/3 levels left

rFire   . . .      SeeInvis .   a - +0 war axe
rCold   . . .      Faith    .   c - +0 buckler
rNeg    + . .      Spirit   .   b - +0 scale mail
rPois   .          Reflect  .   (no helmet)
rElec   .          Harm     .   (no cloak)
rCorr   .          Rampage  .   (no gloves)
Will    .....                   (no boots)
Stlth   +.........              (no amulet)
HPRegen 0.11/turn               n - +6 ring of intelligence
MPRegen 0.09/turn               l - ring of positive energy

@: no status effects
A: thin skeletal structure 1, demonic guardian 1, powered by death 1
a: no special abilities


You were on level 3 of the Dungeon.
You visited 1 branch of the dungeon, and saw 3 of its levels.

You collected 68 gold pieces.

Inventory:

Hand Weapons
 a - a +0 war axe (weapon)
Armour
 b - a +0 scale mail (worn)
 c - a +0 buckler (worn)
Jewellery
 l - a ring of positive energy (right hand)
 n - a +6 ring of intelligence (left hand)
Scrolls
 g - 3 scrolls of magic mapping {unknown}
 h - a scroll of identify {unknown}
 k - a scroll of noise {unknown}
 m - a scroll of enchant armour {unknown}
Potions
 d - a potion of might
 e - a potion of berserk rage {unknown}
 f - a potion of brilliance {unknown}
 i - a potion of lignification {unknown}
 j - a potion of magic {unknown}


   Skills:
 - Level 3.0 Fighting
 + Level 3.9 Axes
 - Level 2.6 Armour
 - Level 2.6 Shields


You had 3 spell levels left.
You didn't know any spells.
Your spell library contained the following spells:

 Spells                   Type           Power      Damage    Failure   Level
 Ensorcelled Hibernation  Hex/Ice        0%         N/A       83%         2
 Spider Form              Tmut/Pois      0%         N/A       97%         3


Dungeon Overview and Level Annotations

Branches:
Dungeon (3/15)

Altars:

Shops:
D:2 (


Innate Abilities, Weirdness & Mutations

You have a somewhat thin skeletal structure. (Dex +2, Stealth+)
A weak demonic guardian rushes to your aid.
You regenerate a little health from kills.


Message History

You open the door.
Found a knobbly wooden ring.
There is an open door here.
n - a +6 ring of intelligence You feel clever.
n - a +6 ring of intelligence (left hand)
l - a ring of positive energy (right hand) As you open the door, it creaks loudly!
There is an open door here.
There is a stone staircase leading up here.
As you open the large door, it creaks loudly!
There is a large open door here.
There is a large open door here.
Done exploring.
Done exploring.
Done exploring.
There is a large open door here.
There is a large open door here.
There is a stone staircase leading down here.
You climb downwards.
There is a stone staircase leading up here.
You now have 68 gold pieces (gained 2).
Found a stone staircase leading down.
A goblin comes into view. It is wielding a +0 dagger.
A goblin is nearby!
The goblin shouts!
A ball python comes into view.
Found a stone staircase leading up.
The ball python hisses angrily.
You barely miss the goblin. The goblin closely misses you.
You slash the goblin!
You kill the goblin!
The ball python bites you but does no damage.
The ball python grabs you. The ball python constricts you.
You hit the ball python.
You kill the ball python!
You have reached level 4!
You feel stronger.
Your demonic ancestry asserts itself...
You feel the presence of a demonic guardian.
Are you sure you want to abandon this character and quit the game? (Confirm with "yes".)

....#.# .....#+##
......... .........
###........ ##.####
#..........
.........#.#†.......
.......#.#.#@).....<
...................#
.........#.........#
........##.........#
............########
...>.......##
........####
.........#
.........#


There were no monsters in sight!

Vanquished Creatures
  A gnoll (D:1)
  2 adders (D:2)
  6 endoplasms
  2 giant cockroaches
  2 hobgoblins
  4 kobolds
  2 quokkas (D:2)
  A ball python (D:3)
  4 bats
  A frilled lizard (D:1)
  7 goblins
  5 rats
37 creatures vanquished.

Notes
Turn   | Place    | Note
-------+----------+-------------------------------------------
     0 | D:1      | Gilette the Demonspawn Fighter began the quest for the Orb.
     0 | D:1      | Reached XP level 1. HP: 18/18 MP: 1/1
    72 | D:1      | Gained mutation: You have a somewhat thin skeletal
                  | structure. (Dex +2, Stealth+) [demonic ancestry]
    72 | D:1      | Reached XP level 2. HP: 24/24 MP: 2/2
   582 | D:1      | Gained mutation: You regenerate a little health from kills.
                  | [demonic ancestry]
   582 | D:1      | Reached XP level 3. HP: 23/29 MP: 3/3
  1739 | D:2      | Found Eguckol's Antique Weapon Emporium.
  2457 | D:3      | Gained mutation: A weak demonic guardian rushes to your
                  | aid. [demonic ancestry]
  2457 | D:3      | Reached XP level 4. HP: 34/35 MP: 4/4
  2457 | D:3      | Quit the game

Illustrated notes

Levels and vault maps discovered:
D:1:      minmay_arrival_split_and_join, layout_basic,
          chequers_serial_rivers_micro_c, chequers_decorated_corner,
          minmay_pentomino_w2
D:2:      layout_basic, serial_shops, shop
D:3:      layout_basic, grunt_temple_overflow_open,
          ebering_ecumenical_altar_mist

Skill      XL: |  1  2 |
---------------+-------+-----
Axes           | 2 3 |  3.9
Fighting       | |  3.0
Armour         | |  2.6
Shields        | |  2.6

Action                   |  1- 3 |  4- 6 || total
-------------------------+-------+-------++-------
Melee: War axe           |   114 |       ||   114
 Stab: Sleeping          |     1 |       ||     1
Armor: Scale mail        |    51 |       ||    51
Dodge: Dodged            |    60 |       ||    60
Block: Buckler           |    28 |       ||    28

Table legend: (Time is in decaauts)
 A = Elapsed time spent in this place.
 B = Non-inter-level travel time spent in this place.
 C = Inter-level travel time spent in this place.
 D = Time resting spent in this place.
 E = Time spent auto-exploring this place.
 F = Levels seen in this place.
 G = Mean time per level.
                   A        B        C        D        E       F      G
               +--------+--------+--------+--------+--------+-----+--------+
         Total |   2498 |   2408 |     90 |      0 |   2086 |   3 |  832.7 |
       Dungeon |   2498 |   2408 |     90 |      0 |   2086 |   3 |  832.7 |
               +--------+--------+--------+--------+--------+-----+--------+

Top non-repeatable levels by time:
     D:2: 1296 daAuts
     D:1: 1152 daAuts
     D:3: 49 daAuts
